 Dungeon Crawl Stone Soup version 0.27-a0-1188-g73eefd5def (webtiles) character file.

Game seed: 688455395566825294

61 AtomicRavioli the Grasshopper (level 4, 0/39 HPs)
             Began as a Naga Warper on May 21, 2021.
             Slain by an orc
             ... wielding a +1 vorpal flail
              (1 damage)
             ... on level 3 of the Dungeon.
             The game lasted 00:03:23 (3341 turns).

AtomicRavioli the Grasshopper (Naga Warper)         Turns: 3341, Time: 00:03:24

Health: 0/39       AC:  4    Str: 13    XL:     4   Next: 7%
Magic:  7/7        EV:  6    Int: 14    God:
Gold:   134        SH:  8    Dex: 11    Spells: 2/7 levels left

rFire    . . .     SeeInvis +   a - +1 mace
rCold    + . .     Faith    .   k - +2 kite shield
rNeg     . . .     Spirit   .   b - +0 leather armour
rPois    +         Reflect  .   (no helmet)
rElec    .         Harm     .   (no cloak)
rCorr    .         Rampage  .   m - +0 pair of gloves
Will     .....                  (no barding)
Stlth    +.........             f - amulet of the acrobat
HPRegen  0.13/turn              c - ring of protection from cold
MPRegen  0.10/turn              (no ring)

@: short of breath, very slow
A: AC +1, large, see invisible, deformed body, poison resistance, slowness 2,
spit poison 1, naga tail 1
a: Spit Poison


You were on level 3 of the Dungeon.
You visited 1 branch of the dungeon, and saw 3 of its levels.

You collected 134 gold pieces.

Inventory:

Hand Weapons
 a - a +1 mace (weapon)
Missiles
 e - 3 boomerangs of dispersal (quivered)
 l - 4 boomerangs
Armour
 b - a +0 leather armour (worn)
 k - a +2 kite shield (worn)
 m - a +0 pair of gloves (worn)
Jewellery
 c - a ring of protection from cold (left hand)
 f - an amulet of the acrobat (around neck)
Wands
 h - a wand of polymorph (8)
Scrolls
 g - 2 scrolls of enchant weapon
 i - 2 scrolls of identify
 j - a scroll of noise {unknown}


   Skills:
 + Level 2.2 Fighting
 + Level 2.3 Maces & Flails
 + Level 1.1 Throwing
 - Level 1.4 Armour
 - Level 1.6 Dodging
 + Level 0.9 Stealth
 * Level 0.3 Shields
 * Level 2.4 Spellcasting
 * Level 3.4 Translocations


You had 2 spell levels left.
You knew the following spells:

 Your Spells              Type           Power      Damage    Failure   Level
a - Blink                 Tloc           N/A        N/A       54%         2
b - Gell's Gravitas       Tloc           5%         N/A       78%         3

Your spell library contained the following spells:

 Spells                   Type           Power      Damage    Failure   Level
 Lesser Beckoning         Tloc           5%         N/A       78%         3
 Teleport Other           Tloc           11%        N/A       78%         3
 Manifold Assault         Tloc           11%        N/A       100%        5


Dungeon Overview and Level Annotations

Branches:
Dungeon (3/15)

Altars:

Shops:
D:2 =


Innate Abilities, Weirdness & Mutations

Your serpentine skin is tough. (AC +1)
You have supernaturally acute eyesight. (SInv)
Armour fits poorly on your strangely shaped body.
Your system is resistant to poisons. (rPois)
You cover ground very slowly.
You can spit poison.
You have a snake-like lower body.


Message History

The orc barely misses you. The orc hits you with a +0 war axe!
* * * LOW HITPOINT WARNING * * *
An orc wizard comes into view. It is wielding a +0 dagger.
Blink to where?
Press: ? - help, Dir - move target
As you read the scroll of blinking, it crumbles to dust.
There is a stone staircase leading up here.
You fly upwards.
There is a stone staircase leading down here.
You start resting.
You are starting to lose your buoyancy.
You start resting.
You float gracefully downwards.
You start resting.
HP restored.
You climb downwards.
The orc hits you with a +0 war axe. The orc barely misses you.
There is a stone staircase leading up here.
You completely miss the orc. The orc hits you but does no damage.
You block the orc's attack.
Press: ? - help, Shift-Dir - straight line, f - orc
Aim: an orc, wielding a +0 war axe and wearing a +0 leather armour The splash of poison misses the orc.
The orc hits you with a +1 vorpal flail!
The orc hits you with a +0 war axe.
You closely miss the orc. You block the orc's attack.
The orc hits you but does no damage.
You barely miss the orc.
The orc hits you with a +1 vorpal flail.
You block the orc's attack.
The orc hits you with a +1 vorpal flail!
* * * LOW HITPOINT WARNING * * *
The orc hits you with a +0 war axe!
* * * LOW HITPOINT WARNING * * *
As you read the scroll labelled QEDETH FIJU, it crumbles to dust.
It is a scroll of enchant weapon.
Your +0 mace glows red for a moment.
The orc hits you with a +1 vorpal flail.
* * * LOW HITPOINT WARNING * * *
You die...

## #.......#
#...o...###
#####...........
............####
#####.......#
#.......#
####.####
###########.#
......o@o...#
#############


You could see 2 orcs.

Vanquished Creatures
  An adder (D:2)
  A worm (D:2)
  3 dart slugs (D:1)
  2 orcs (D:3)
  3 endoplasms
  2 giant cockroaches (D:2)
  4 goblins
  2 hobgoblins
  3 jackals (D:1)
  2 quokkas (D:2)
  4 ball pythons
  3 bats
  2 frilled lizards
  3 kobolds
  4 rats
39 creatures vanquished.

Notes
Turn   | Place    | Note
-------+----------+-------------------------------------------
     0 | D:1      | AtomicRavioli the Naga Warper began the quest for the Orb.
     0 | D:1      | Reached XP level 1. HP: 19/19 MP: 3/3
    61 | D:1      | Reached skill level 1 in Throwing
   314 | D:1      | Found a faded altar of an unknown god.
   408 | D:1      | Reached XP level 2. HP: 16/26 MP: 5/5
   463 | D:1      | Reached skill level 1 in Armour
  1428 | D:1      | Reached XP level 3. HP: 31/32 MP: 6/6
  1728 | D:2      | Found Fabuseigh's Jewellery Boutique.
  1745 | D:2      | Learned a level 2 spell: Blink
  1749 | D:2      | Learned a level 3 spell: Gell's Gravitas
  2986 | D:3      | Reached XP level 4. HP: 31/39 MP: 7/7
  3341 | D:3      | HP: 1/39 [orc/+1 vorpal flail (1)]
  3341 | D:3      | Slain by an orc

Illustrated notes

Levels and vault maps discovered:
D:1:      dpeg_arrival_arbitrary_a, layout_basic,
          ebering_ecumenical_altar_sacrificial
D:2:      layout_loops_ring, serial_shops,
          nicolae_shop_temple_entry_statues_fountains
D:3:      layout_loops_ring

Skill      XL: |  1  2 |
---------------+-------+-----
Throwing       | 1 |  1.1
Armour         | 1 |  1.4
Fighting       | |  2.2
Maces & Flails | |  2.3
Dodging        | |  1.6
Stealth        | |  0.9
Shields        | |  0.3
Spellcasting   | |  2.4
Translocations | |  3.4

Action                   |  1- 3 |  4- 6 || total
-------------------------+-------+-------++-------
Melee: Mace              |   123 |     8 ||   131
Throw: Boomerang         |       |     2 ||     2
 Abil: Spit Poison       |    11 |     4 ||    15
  Use: Scroll            |     2 |     2 ||     4
       Potion            |       |     1 ||     1
Armor: Leather armour    |    34 |     4 ||    38
Dodge: Dodged            |    75 |     5 ||    80
Block: Kite shield       |    25 |     8 ||    33

Table legend: (Time is in decaauts)
 A = Elapsed time spent in this place.
 B = Non-inter-level travel time spent in this place.
 C = Inter-level travel time spent in this place.
 D = Time resting spent in this place.
 E = Time spent auto-exploring this place.
 F = Levels seen in this place.
 G = Mean time per level.
                   A        B        C        D        E       F      G
               +--------+--------+--------+--------+--------+-----+--------+
         Total |   3933 |   3901 |     32 |    691 |   2783 |   3 | 1311.0 |
       Dungeon |   3933 |   3901 |     32 |    691 |   2783 |   3 | 1311.0 |
               +--------+--------+--------+--------+--------+-----+--------+

Top non-repeatable levels by time:
     D:1: 1902 daAuts
     D:2: 1871 daAuts
     D:3: 159 daAuts
